 Dungeon Crawl Stone Soup version 0.17-a0-1945-gfe993df (webtiles) character file.

2205 derrpe the Cleaver (level 9, -1/66 HPs)
             Began as a Deep Dwarf Berserker on Oct 1, 2015.
             Was a Priest of Trog.
             Killed by divine providence
             ... invoked by an orc priest
              (10 damage)
             ... on level 6 of the Dungeon.
             The game lasted 00:07:42 (4333 turns).

derrpe the Cleaver (Deep Dwarf Berserker)           Turns: 4333, Time: 00:07:42

Health: -1/66      AC: 11    Str: 24    XL:     9   Next: 12%
Magic:  9/9        EV: 10    Int:  8    God:    Trog [***...]
Gold:   133        SH:  0    Dex: 12    Spells: 0 memorised, 8 levels left

rFire  + . .     SeeInvis +     y - +0 war axe
rCold  + . .     Rnd*Rage +     w - +0 scale mail {rC+}
rNeg   . . .     SustAt   .     (no shield)
rPois  .         Gourm    .     t - +0 helmet
rElec  +         Spirit   .     (no cloak)
rCorr  .         Warding  .     (no gloves)
rMut   .         Stasis   .     e - +0 pair of boots
MR     +....                    (no amulet)
Stlth  ..........               p - ring of see invisible
                                v - ring of protection from fire

@: non-regenerating, somewhat resistant to hostile enchantments, extremely
unstealthy
A: damage resistance, recharge devices, molten scales 1, slimy green scales 1,
berserk 1, deterioration 1, frail 1, sense surroundings 2, electricity
resistance, slow healing 3
a: Device Recharging, Burn Spellbooks, Berserk, Trog's Hand, Renounce Religion


You were on level 6 of the Dungeon.
You worshipped Trog.
Trog was most pleased with you.
You were not hungry.

You visited 1 branch of the dungeon, and saw 6 of its levels.

You collected 133 gold pieces.

Inventory:

Hand weapons
 y - a +0 war axe (weapon)
Armour
 e - a +0 pair of boots (worn)
 t - a +0 helmet (worn)
 w - a +0 scale mail of cold resistance (worn)
Jewellery
 k - an uncursed ring of flight
 p - a ring of see invisible (right hand)
 v - a ring of protection from fire (left hand)
Magical devices
 c - a wand of heal wounds (5)
 n - a wand of invisibility (2)
 s - a wand of random effects (30)
 A - a wand of frost (27)
 C - a wand of digging (17)
Scrolls
 g - 8 scrolls of identify {unknown}
 h - 2 scrolls of remove curse {unknown}
 i - 4 scrolls of noise {unknown}
 l - 3 scrolls of blinking {unknown}
 m - a scroll of fear {unknown}
 r - a scroll of amnesia {unknown}
 u - a scroll of immolation {unknown}
 x - 3 scrolls of teleportation {unknown}
Potions
 a - 3 potions of poison {unknown}
 b - 2 potions of flight {unknown}
 f - a potion of degeneration {unknown}
 j - 2 potions of resistance {unknown}
 o - a potion of might {unknown}
 q - 2 potions of agility {unknown}
 B - a potion of curing {unknown}
 D - a potion of heal wounds {unknown}
Comestibles
 d - 2 bread rations {@e1}
 z - 2 meat rations {@e2}


   Skills:
 - Level 2.6 Fighting
 + Level 13.1 Axes
 - Level 2.1 Armour
 - Level 2.1 Dodging


You had 8 spell levels left.
You didn't know any spells.

Dungeon Overview and Level Annotations

Branches:
Dungeon (6/15)             Temple (0/1) D:5

Altars:
Fedhas
Makhleb
Okawaru
Qazlal
The Shining One

Annotations:
D:6 Loris's ghost, experienced MfBe


Innate Abilities, Weirdness & Mutations

You are resistant to damage.
You can recharge devices by infusing magical energy.
You passively map the area around you.
You do not heal naturally.
You are partially covered in molten scales (AC +1).
You are partially covered in slimy green scales (AC +2).
You tend to lose your temper in combat.
Your body sometimes deteriorates upon taking damage.
You are frail (-10% HP).
You are resistant to electric shocks.


Message History

You barely miss the orc priest.
The orc priest is almost dead.
You hit Loris's ghost but do no damage.
You hit the orc priest but do no damage.
The orc priest is heavily wounded.
The orc priest hits you with a club.
* * * LOW HITPOINT WARNING * * *
The orc priest hits you with a club.
* * * LOW HITPOINT WARNING * * *
Loris's ghost barely misses you.
You hit the orc priest but do no damage.
The orc priest is almost dead.
You slash the orc priest!
You kill the orc priest!
Trog accepts your kill.
You miss Loris's ghost.
Loris's ghost hits you but does no damage.
The orc priest calls down the wrath of Beogh upon you.
Something smites you!
You die...

, , , , ........... , ,
#.,, ............. , ..
,... ......... , ,,
,,*#. * #.#*#.##..... *
., #.* ###.###.##.#.#. *
, ... #. .............#.
,*,
....##.#####.###.##.....
, ,
......)W.......#.####.#.
, ......o@.........#
#.#. ,
....#.)###$####### #.#.
, .,,,#.. #.# #.#. , , ,
#.. #.# #.#. , ,#.. #.#
#######.#. * * * * ###*
#.# #......... ,
####.####......... , *
,#............##.#.
_#............##.#.


You could see an orc priest and Loris's ghost.

Vanquished Creatures
  Pikel (D:5)
  The ghost of esc the Insei, an experienced OpTm of Cheibriados (D:5)
  A water moccasin (D:6)
  Duvessa (D:5)
  An ice beast (D:6)
  A black bear (D:6)
  A phantom (D:4)
  A sky beast (D:5)
  A slave (D:5)
  2 ogres
  Dowan (D:5)
  A scorpion (D:6)
  A giant frog zombie (D:5)
  An iguana (D:5)
  A giant frog skeleton (D:6)
  2 hounds
  4 orc priests
  6 orc wizards
  Robin (D:3)
  4 adders (D:2)
  8 gnolls (D:2)
  An ooze (D:1)
  2 worms (D:2)
  3 giant geckos
  17 orcs
  A ball python (D:2)
  6 bats
  6 giant cockroaches
  7 hobgoblins
  10 jackals
  13 kobolds
  A quokka (D:3)
  4 giant newts
  14 goblins
  6 rats
132 creatures vanquished.

Vanquished Creatures (others)
  Blork the orc (D:5)
  A hound (D:5)
  A worm (D:5)
3 creatures vanquished.

Grand Total: 135 creatures vanquished

Notes
Turn   | Place    | Note
--------------------------------------------------------------
     0 | D:1      | derrpe the Deep Dwarf Berserker began the quest for the Orb.
     0 | D:1      | Reached XP level 1. HP: 20/20 MP: 1/1
   129 | D:1      | Reached skill level 4 in Axes
   129 | D:1      | Reached XP level 2. HP: 25/27 MP: 2/2
  1008 | D:2      | Reached XP level 3. HP: 23/33 MP: 3/3
  1033 | D:2      | Acquired Trog's second power
  1033 | D:2      | Reached skill level 5 in Axes
  1039 | D:2      | Reached XP level 4. HP: 19/40 MP: 4/4
  1190 | D:2      | Found a stormy altar of Qazlal.
  1267 | D:2      | Reached skill level 6 in Axes
  1273 | D:2      | Reached XP level 5. HP: 33/46 MP: 5/5
  1707 | D:3      | Noticed Robin
  1709 | D:3      | Noticed an ogre
  1720 | D:3      | Killed an ogre
  1720 | D:3      | Reached skill level 7 in Axes
  1721 | D:3      | Killed Robin
  1721 | D:3      | Reached XP level 6. HP: 55/55 MP: 6/6
  2128 | D:3      | Found a glowing golden altar of the Shining One.
  2328 | D:4      | Reached skill level 8 in Axes
  2554 | D:4      | Reached XP level 7. HP: 28/61 MP: 7/7
  2563 | D:4      | Found a burning altar of Makhleb.
  2693 | D:4      | Reached skill level 9 in Axes
  3247 | D:5      | Entered Level 5 of the Dungeon
  3247 | D:5      | Noticed Duvessa
  3247 | D:5      | Noticed Dowan
  3254 | D:5      | Killed Dowan
  3260 | D:5      | Killed Duvessa
  3260 | D:5      | Reached skill level 10 in Axes
  3415 | D:5      | Found a staircase to the Ecumenical Temple.
  3447 | D:5      | Noticed Pikel
  3452 | D:5      | Noticed esc's ghost (experienced OpTm)
  3462 | D:5      | Killed Pikel
  3462 | D:5      | Reached skill level 11 in Axes
  3462 | D:5      | Reached XP level 8. HP: 68/68 MP: 8/8
  3471 | D:5      | Killed esc's ghost
  3471 | D:5      | Reached skill level 12 in Axes
  3546 | D:5      | Gained mutation: Your body sometimes deteriorates upon taking damage. [mutagenic meat]
  3547 | D:5      | Gained mutation: You are resistant to electric shocks. [mutagenic meat]
  3548 | D:5      | Gained mutation: You are partially covered in molten scales (AC +1). [mutagenic meat]
  3549 | D:5      | Gained mutation: You tend to lose your temper in combat. [mutagenic meat]
  3550 | D:5      | Gained mutation: You are partially covered in slimy green scales (AC +2). [mutagenic meat]
  3551 | D:5      | Gained mutation: You are frail (-10% HP). [mutagenic meat]
  3603 | D:5      | Killed Blork the orc
  3780 | D:5      | Found a blossoming altar of Fedhas.
  3781 | D:5      | Found an iron altar of Okawaru.
  4055 | D:6      | Gained mutation: You passively map the area around you. [Deep Dwarf growth]
  4055 | D:6      | Reached XP level 9. HP: 28/66 MP: 9/9
  4237 | D:6      | Reached skill level 13 in Axes
  4325 | D:6      | Noticed Loris's ghost (experienced MfBe)
  4333 | D:6      | Killed from afar by an orc priest

Vault maps used:
D:1:      lordsloth_arrival_two_stooges
D:2:      nicolae_overflow_crystal_walls
D:3:      lemuel_round_altar, uniq_robin
D:4:      bloody_makhleb
D:5:      nicolae_overflow_hidden_temple, minmay_temple_entry_poolview,
          first_bread, uniq_pikel, uniq_blork_the_orc, uniq_duvessa
D:6:      lemuel_coloured_pillars_altar, grunt_decor_mini_mirrors

Action                   |  1- 3 |  4- 6 |  7- 9 || total
-------------------------+-------+-------+-------++-------
Melee: Hand axe          |    81 |   244 |    17 ||   342
       War axe           |       |       |   144 ||   144
Invok: Berserk           |     1 |     2 |     2 ||     5
       Trog's Hand       |       |     8 |     5 ||    13
       Burn Spellbooks   |       |     1 |       ||     1
  Eat: Chunk             |       |    10 |    13 ||    23
       Beef jerky        |       |       |     1 ||     1
